 Dungeon Crawl Stone Soup version 0.16.0-11-gd45b091 (webtiles) character file.

124 kae the Chiller (level 4, -5/30 HPs)
             Began as a Demonspawn Ice Elementalist on Mar 17, 2015.
             Slain by Sigmund
             ... wielding a +0 scythe
              (12 damage)
             ... on level 3 of the Dungeon.
             The game lasted 00:03:01 (1941 turns).

kae the Chiller (Demonspawn Ice Elementalist)       Turns: 1941, Time: 00:03:01

Health: -5/30      AC:  2    Str:  8    XL:     4   Next: 81%
Magic:  3/8        EV: 12    Int: 18    God:
Gold:   104        SH:  0    Dex: 13    Spells: 2 memorised, 5 levels left

rFire  + . .     SeeInvis .     k - +0 dagger (venom)
rCold  . . .     Clarity  .     a - +0 robe
rNeg   . . .     SustAb   .     (no shield)
rPois  .         Gourm    .     (no helmet)
rElec  .         Spirit   .     e - -1 cloak (curse)
rCorr  .         Warding  .     (no gloves)
rMut   .         Stasis   .     (no boots)
MR     .....                    (no amulet)
Stlth  ++........               (no ring)
                                (no ring)

@: not resistant to hostile enchantments, unstealthy
A: fire resistance 1, flame cloud immunity
a: no special abilities


You were on level 3 of the Dungeon.
You were not hungry.

You visited 1 branch of the dungeon, and saw 3 of its levels.

You collected 104 gold pieces.

Inventory:

Hand weapons
 k - a +0 dagger of venom (weapon)
Armour
 a - a +0 robe (worn)
 e - a cursed -1 cloak (worn)
Jewellery
 q - an uncursed amulet of regeneration {unknown}
Scrolls
 f - 3 scrolls of identify {unknown}
 g - a scroll of noise {unknown}
 o - a scroll of remove curse {unknown}
 p - a scroll of magic mapping {unknown}
 v - a scroll of amnesia {unknown}
 w - a scroll of teleportation {unknown}
Potions
 d - 2 potions of curing
 h - a potion of poison {unknown}
 j - a potion of cancellation {unknown}
 l - 2 potions of might {unknown}
 m - a potion of haste {unknown}
 s - a potion of flight {unknown}
 t - a potion of heal wounds {unknown}
Books
 b - a book of Frost

   Spells                             Type                      Level
   a - Freeze                         Ice                          1
   b - Throw Frost                    Conjuration/Ice              2
   c - Ozocubu's Armour               Charms/Ice                   3
   d - Throw Icicle                   Conjuration/Ice              4
   e - Summon Ice Beast               Ice/Summoning                4
   f - Condensation Shield            Ice                          4
Comestibles
 c - 3 bread rations
 i - a slice of pizza
 n - 4 fruits
 u - a beef jerky


   Skills:
 - Level 1.7 Dodging
 - Level 1.7 Stealth
 + Level 2.5 Spellcasting
 + Level 2.0 Conjurations
 * Level 4.4 Ice Magic


You had 5 spell levels left.
You knew the following spells:

 Your Spells              Type           Power        Failure   Level  Hunger
a - Freeze                Ice            ###.         2%          1    #......
b - Throw Frost           Conj/Ice       ##....       10%         2    ##.....


Dungeon Overview and Level Annotations

Branches:
Dungeon (3/15)

Altars:
Dithmenos
Fedhas
Nemelex Xobeh

Annotations:
D:3 Sigmund


Innate Abilities, Weirdness & Mutations

Your flesh is heat resistant.
You are immune to clouds of flame.


Message History

Sigmund is heavily wounded.
Casting: Freeze
Confirm with . or Enter, or press ? or * to list all spells.
Aiming: Freeze
Press: ? - help, Shift-Dir - straight line, f/p - Sigmund
Aim: Sigmund, wielding a scythe and wearing a glowing robe (heavily wounded)
You freeze Sigmund.
Sigmund is severely wounded.
Sigmund casts a spell at you. The magic dart hits you!
* * * LOW HITPOINT WARNING * * *
Casting: Freeze
Confirm with . or Enter, or press ? or * to list all spells.
Aiming: Freeze
Press: ? - help, Shift-Dir - straight line, f/p - Sigmund
Aim: Sigmund, wielding a scythe and wearing a glowing robe (severely wounded)
You freeze Sigmund.
Sigmund is almost dead.
Sigmund hits you with a scythe!
You die...

###..<...# ..
.#######...###### ....
#...........# .....
#..........# #### ...... #
#.....(...###..#### ......#
..#.................#
........###
#...................#
.....@....#
###..##..##........>#
#.....###.#
##......##....@...# #.. #..
#####..##....@##############..
##........................
###.....########........
###...# ###.......... #...#
##...####..#.. ###...###..###
##.... #.....[...## #...#
##..#...### #..##


You could see Sigmund.

Vanquished Creatures
  An orc wizard (D:3)
  Jessica (D:2)
  4 adders
  A giant gecko (D:2)
  3 orcs (D:3)
  9 bats
  6 goblins
  3 hobgoblins
  6 kobolds
  2 quokkas (D:2)
  A giant cockroach (D:2)
  2 giant newts
  8 rats
47 creatures vanquished.

Notes
Turn   | Place    | Note
--------------------------------------------------------------
     0 | D:1      | kae, the Demonspawn Ice Elementalist, began the quest for the Orb.
     0 | D:1      | Reached XP level 1. HP: 13/13 MP: 3/3
   106 | D:1      | Reached skill level 3 in Ice Magic
   209 | D:1      | Gained mutation: Your flesh is heat resistant. [demonic ancestry]
   209 | D:1      | Reached XP level 2. HP: 13/19 MP: 2/4
   246 | D:1      | Learned a level 2 spell: Throw Frost
   587 | D:2      | Gained mutation: You are immune to clouds of flame. [demonic ancestry]
   587 | D:2      | Reached XP level 3. HP: 20/24 MP: 0/6
   653 | D:2      | Noticed Jessica
   661 | D:2      | Killed Jessica
   825 | D:2      | Reached skill level 4 in Ice Magic
   947 | D:2      | Found a sparkling altar of Nemelex Xobeh.
  1090 | D:2      | Reached XP level 4. HP: 28/30 MP: 4/8
  1160 | D:2      | Found a blossoming altar of Fedhas.
  1637 | D:3      | Found a shadowy altar of Dithmenos.
  1664 | D:3      | Noticed Sigmund
  1941 | D:3      | Slain by Sigmund

Action                   |  1- 3 |  4- 6 || total
-------------------------+-------+-------++-------
Melee: Unarmed           |    39 |       ||    39
       Dagger            |    13 |    16 ||    29
 Cast: Freeze            |    35 |    26 ||    61
       Throw Frost       |     2 |     2 ||     4
  Use: Potion            |     1 |       ||     1
 Stab: Sleeping          |     1 |       ||     1
  Eat: Chunk             |       |     4 ||     4
